 Dungeon Crawl Stone Soup version 0.29-a0-649-g45c230d69a (webtiles) character file.

Game seed: 13591446686750660357

97 Essalna the Gusty (level 4, 0/30 HPs)
             Began as a Demonspawn Air Elementalist on June 21, 2022.
             Slain by Grinder (8 damage)
             ... on level 3 of the Dungeon.
             The game lasted 00:05:45 (2681 turns).

Essalna the Gusty (Demonspawn Air Elementalist)     Turns: 2681, Time: 00:05:46

Health: 0/30       AC:  2    Str:  8    XL:     4   Next: 42%
Magic:  6/7        EV: 14    Int: 19    God:
Gold:   181        SH:  0    Dex: 19    Spells: 0/7 levels left

rFire   . . .      SeeInvis .   j - +1 spear (vorpal)
rCold   . . .      Faith    .   (no shield)
rNeg    . . .      Spirit   .   a - +0 robe
rPois   .          Reflect  .   (no helmet)
rElec   .          Harm     .   (no cloak)
rCorr   .          Rampage  .   (no gloves)
Will    .....                   (no boots)
Stlth   ++........              (no amulet)
HPRegen 0.10/turn               i - +6 ring of dexterity
MPRegen 0.10/turn               g - ring of wizardry

@: no status effects
A: repulsion field 1, demonic guardian 1, powered by death 1
a: no special abilities


You were on level 3 of the Dungeon.
You visited 1 branch of the dungeon, and saw 3 of its levels.

You collected 181 gold pieces.

Inventory:

Hand Weapons
 d - a +0 short sword
 j - a +1 vorpal spear (weapon)
 o - a +1 short sword of protection
Armour
 a - a +0 robe (worn)
Jewellery
 g - a ring of wizardry (right hand)
 i - a +6 ring of dexterity (left hand)
Wands
 b - a wand of digging (2)
Scrolls
 c - a scroll of enchant weapon {unknown}
 f - a scroll of enchant armour {unknown}
 k - a scroll of teleportation {unknown}
 l - a scroll of noise {unknown}
 m - a scroll of fog {unknown}
 p - a scroll of fear {unknown}
 s - a scroll of identify {unknown}
Potions
 e - a potion of mutation {unknown}
 h - a potion of lignification {unknown}
 n - a potion of cancellation {unknown}
 q - 2 potions of heal wounds {unknown}
 r - 2 potions of invisibility {unknown}


   Skills:
 + Level 0.2 Fighting
 - Level 1.7 Dodging
 - Level 1.7 Stealth
 + Level 2.0 Spellcasting
 - Level 3.0 Conjurations
 + Level 3.8 Air Magic


You couldn't memorise any spells.
You knew the following spells:

 Your Spells              Type           Power      Damage    Failure   Level
a - Shock                 Conj/Air       60%        1d6       1%          1
b - Static Discharge      Conj/Air       15%        N/A       2%          2
c - Airstrike             Air            8%         N/A       14%         4

Your spell library contained the following spells:

 Spells                   Type           Power      Damage    Failure   Level
 Swiftness                Air            16%        N/A       4%          3


Dungeon Overview and Level Annotations

Branches:
Dungeon (3/15)

Altars:

Annotations:
D:3 Grinder


Innate Abilities, Weirdness & Mutations

You are surrounded by a mild repulsion field. (EV +2)
A weak demonic guardian rushes to your aid.
You regenerate a little health from kills.


Message History

You kill the endoplasm!
You can't see any susceptible monsters within range! (Use Z to cast anyway.)
You can't see any susceptible monsters within range! (Use Z to cast anyway.)
A goblin comes into view. It is wielding a +0 war axe.
The zap hits the goblin.
The goblin is severely wounded.
The goblin shouts!
The zap hits the goblin.
You kill the goblin!
You can't see any susceptible monsters within range! (Use Z to cast anyway.)
You can't see any susceptible monsters within range! (Use Z to cast anyway.)
Found a stone staircase leading down.
Found a club.
You now have 181 gold pieces (gained 22).
Things that are here:
a +0 war axe; a +0 leather armour; a goblin corpse Key pressed, stopping explore.
A frilled lizard comes into view.
The zap hits the frilled lizard.
You kill the frilled lizard!
You can't see any susceptible monsters within range! (Use Z to cast anyway.)
You can't see any susceptible monsters within range! (Use Z to cast anyway.) 2 gnolls come into view.
Found 3 stones.
You see here 3 stones.
Found a leather armour.
You can't see any susceptible monsters within range! (Use Z to cast anyway.)
You see here a +0 leather armour.
That beam is likely to hit you.
Continue anyway?
The zap hits Grinder.
Grinder is lightly wounded.
The zap hits Grinder.
Grinder is moderately wounded.
The zap misses you. Grinder hits you!
You writhe in agony.
Okay, then.
Grinder hits you but does no damage. Grinder attacks as you move away!
Grinder hits you.
You writhe in agony.
* * * LOW HITPOINT WARNING * * *
Grinder attacks as you move away! Grinder hits you!
You die...

..### #.# #.#.#
#.# #.#.# #.#
#.#.# #####.#
#.#.# #.....#
#...# #.#####
###.# #.#
####### #5# #.#
#.....# #@# #.#
#.##### #.# #.#
#.# #.# #.# #.#
#[####.# #.#
#......# #.#
#####..#####
#.###
#####.........#
#...#
#.....##..###.#
###.#
#.######..#


You could see Grinder.

Vanquished Creatures
  Terence (D:2)
  3 adders (D:2)
  A ball python (D:3)
  6 endoplasms
  A giant cockroach (D:1)
  4 goblins
  6 hobgoblins
  2 quokkas
  7 bats
  A frilled lizard (D:3)
  5 kobolds
  6 rats
43 creatures vanquished.

Notes
Turn   | Place    | Note
-------+----------+-------------------------------------------
     0 | D:1      | Essalna the Demonspawn Air Elementalist began the quest for
                  | the Orb.
     0 | D:1      | Reached XP level 1. HP: 13/13 MP: 3/3
   520 | D:1      | Gained mutation: You are surrounded by a mild repulsion
                  | field. (EV +2) [demonic ancestry]
   520 | D:1      | Reached XP level 2. HP: 12/19 MP: 0/5
   819 | D:1      | Found a faded altar of an unknown god.
   826 | D:1      | Learned a level 2 spell: Static Discharge
  1437 | D:2      | Noticed Terence
  1446 | D:2      | Gained mutation: You regenerate a little health from kills.
                  | [demonic ancestry]
  1446 | D:2      | Reached XP level 3. HP: 16/24 MP: 0/6
  1451 | D:2      | Killed Terence
  1840 | D:2      | Gained mutation: A weak demonic guardian rushes to your
                  | aid. [demonic ancestry]
  1840 | D:2      | Reached XP level 4. HP: 30/30 MP: 4/7
  2213 | D:3      | Noticed Grinder
  2215 | D:3      | Paralysed by Grinder for 2 turns
  2294 | D:3      | Learned a level 4 spell: Airstrike
  2681 | D:3      | Slain by Grinder

Illustrated notes

Levels and vault maps discovered:
D:1:      dpeg_arrival_stone_temple_mockup, layout_basic,
          shapermc_ecumenical_altar_pompeii, grunt_decor_mini_mirrors,
          minmay_close_crescents
D:2:      layout_rooms, uniq_terence
D:3:      layout_loops_ring, nicolae_hepliaklqana_hippocampus, uniq_grinder

Skill      XL: |  1  2  3  4 |
---------------+-------------+-----
Air Magic      | 3 |  3.8
Conjurations   | 2 3 |  3.0
Fighting       | |  0.2
Dodging        | |  1.7
Stealth        | |  1.7
Spellcasting   | |  2.0

Action                   |  1- 3 |  4- 6 || total
-------------------------+-------+-------++-------
Melee: Short sword       |     8 |       ||     8
       Unarmed           |     2 |       ||     2
       Punch             |     1 |       ||     1
       Spear             |     8 |     2 ||    10
 Cast: Shock             |    62 |    38 ||   100
  Use: Potion            |     1 |       ||     1
Armor: Robe              |     9 |     2 ||    11
Dodge: Dodged            |    33 |     6 ||    39

Table legend: (Time is in decaauts)
 A = Elapsed time spent in this place.
 B = Non-inter-level travel time spent in this place.
 C = Inter-level travel time spent in this place.
 D = Time resting spent in this place.
 E = Time spent auto-exploring this place.
 F = Levels seen in this place.
 G = Mean time per level.
                   A        B        C        D        E       F      G
               +--------+--------+--------+--------+--------+-----+--------+
         Total |   2680 |   2606 |     74 |      0 |   2269 |   3 |  893.3 |
       Dungeon |   2680 |   2606 |     74 |      0 |   2269 |   3 |  893.3 |
               +--------+--------+--------+--------+--------+-----+--------+

Top non-repeatable levels by time:
     D:1: 1110 daAuts
     D:2: 1015 daAuts
     D:3: 554 daAuts
